cohdb
Replays
Latest Replays
All Replays
Popular Replays
Top Player Replays
Match Explorer
How It Works
Community
CoH3 Stats
Reddit
Sign in to upload your games and track your stats! →
Sign in with Steam
Match 25191270
Unlisted
Match 25191270
Overview
Messages
Build Orders
End
Construct Section Command Post
Selects Indian Artillery Battlegroup
Infantry Section
Dingo Light Scout Car
Selects Towed ML 4.2-inch Heavy Mortar
Dingo Light Scout Car
Infantry Section
Infantry Section
Grenade Package
Construct Platoon Command Post
Construct Field Infirmary
Selects Valour
Humber Armored Car
Humber Armored Car
6-pounder Anti-tank Gun Team
Selects Off-map Airburst Barrage
Royal Engineer Section
Construct Company Command Post
Unlock M3 Grant Medium Tanks
Selects BL5.5 Artillery Emplacement
M3 Grant Medium Tank
M3 Grant Medium Tank
M3 Grant Medium Tank
Off-map Airburst Barrage
Armored Vehicle Training
Royal Engineer Section
LuiSBa
Máximo
Piros
Eber
That's Amazing NaJcZeL
Mararas
kooko12
Asd
0
0
Comments
sign in to comment!
No comments posted yet!